 Dungeon Crawl Stone Soup version 0.30-a0-567-gf7fd966b4a (webtiles) character file.

Game seed: 5262971383019013146

972 MackTheKnife the Sneak (level 8, -2/78 HPs)
             Began as an Octopode Monk on Dec 28, 2022.
             Was an Initiate of Gozag.
             Slain by a lemure (3 damage)
             ... led by Pikel
             ... on level 4 of the Dungeon.
             The game lasted 00:08:46 (3662 turns).

MackTheKnife the Sneak (Octopode Monk)              Turns: 3662, Time: 00:08:47

Health: -2/78      AC: 24    Str: 10    XL:     8   Next: 16%
Magic:  8/8        EV:  2    Int: 12    God:    Gozag
Gold:   266        SH:  0    Dex: 23    Spells: 7/7 levels left

rFire   . . .      SeeInvis .      - Unarmed
rCold   . . .      Faith    .    (no shield)
rNeg    . . .      Spirit   .    (helmet currently unavailable)
rPois   +          Reflect  .    (no amulet)
rElec   .          Harm     .    r - +6 ring of dexterity
rCorr   .          Rampage  .    (no ring)
Will    .....      NoTele   +    (no ring)
Stlth   ++++                     (no ring)
HPRegen 0.33/turn                (no ring)
MPRegen 0.11/turn                (no ring)
                                 (no ring)
                                 (no ring)

@: tree-form
A: stationary, stasis, torment immunity, boosted hp, almost no armour,
(amphibious), 8 rings, (camouflage 1), (gelatinous body 1), (nimble swimmer 1),
(tentacles)
a: Renounce Religion, Potion Petition, Call Merchant, Bribe Branch


You were on level 4 of the Dungeon.
You worshipped Gozag.
Gozag was aware of your devotion.
You were a tree.
You visited 2 branches of the dungeon, and saw 5 of its levels.

You collected 266 gold pieces.


Innate Abilities, Weirdness & Mutations

You are a tree.
Your roots penetrate the ground, keeping you stationary.
You cannot be teleported.
You are immune to unholy pain and torment.
Your maximum health is greatly increased.
You cannot wear most types of armour.
((You are amphibious.))
You can wear up to eight rings at the same time.
((Your skin changes colour to match your surroundings (Stealth+).))
((Your rubbery body absorbs attacks. (AC +1, EV +1)))
((You are camouflaged when in or above water. (Stealth+)))
((You have tentacles for arms and can constrict up to eight enemies at once.))


   Skills:
 - Level 3.3 Fighting
 + Level 6.3 Dodging
 - Level 6.7 Stealth
 + Level 6.3 Unarmed Combat


You had 7 spell levels left.
You didn't know any spells.
Your spell library contained the following spells:

 Spells                   Type           Power      Damage    Failure   Level
 Foxfire                  Conj/Fire      0%         2x1d4     32%         1
 Summon Guardian Golem    Hex/Summ       0%         N/A       69%         3
 Starburst                Conj/Fire      0%         6d3       100%        6
 Ignition                 Fire           0%         3d3       100%        8

Inventory:

Hand Weapons
 a - a +2 dagger of protection {short}
   (You took it off an orc wizard on level 4 of the Dungeon)
 e - a +1 dagger of venom {short}
   (You took it off a kobold on level 1 of the Dungeon)
Armour
 m - a +0 buckler
   (You found it on level 3 of the Dungeon)
Jewellery
 f - a ring of fire
   (You found it on level 1 of the Dungeon)
 r - a +6 ring of dexterity (left branch)
   (You found it on level 4 of the Dungeon)
Wands
 i - a wand of flame (26)
   (You found it on level 2 of the Dungeon)
 p - a wand of iceblast (6)
   (You found it on level 3 of the Dungeon)
Scrolls
 b - 2 scrolls of teleportation {unknown}
 d - 4 scrolls of immolation {unknown}
 h - a scroll of noise {unknown}
 j - 4 scrolls of identify {unknown}
 k - a scroll of vulnerability {unknown}
 o - a scroll of blinking {unknown}
Potions
 g - a potion of mutation {unknown}
 l - a potion of haste {unknown}
 n - a potion of flight
 q - a potion of heal wounds {unknown}

Dungeon Overview and Level Annotations

Branches:
Dungeon (4/15) Zot: 20429  Temple (1/1) D:4 Zot: 5915

Altars:
Ashenzari
Cheibriados
Dithmenos
Elyvilon
Fedhas
Gozag
Hepliaklqana
Ru
Sif Muna
Trog
Vehumet
Xom
Zin
The Shining One

Annotations:
D:4 Pikel

.......#.......#.......#.......##
.......'.......####+####.......'.
.......#.......#.......#.......#.
#..[...#......##.......##......##
'......#......+.........+......##
##...#####...##.........##...####
#.#'#...#'#.#...........#.#+###.
###K......#####.......#####.><..
.........#.#♣#...#'#.###...##
5.......##SK5#####...##..#.#
S.......$..s...#......+.##.#
.......##......#......####.##
.......#.......#.......#.....
###'####.......'.......###.## ..
#.......#.......#...## ..
##......#......###..## .
+......#......'......


You could see Pikel, a lemure, a scorpion and an adder.


Message History

😕 HP[+1]
You barely miss the hound. Your grab misses the hound. You squeeze the hound.
The hound pauses to sniff the ground.
The hound closely misses you. The hound bites you.
The lemure is distracted by your dazzling golden aura. 😕 HP[-4]
You take 4 damage, and now have 41/52 hp.
You closely miss the hound.
The lemure shouts!
You grab the hound. You constrict the hound.
Pikel is no longer distracted by gold.
The hound closely misses you.
You tentacle-slap the hound. You constrict the hound.
The hound barely misses you. The hound misses you.
The lemure is distracted by your dazzling golden aura.
The lemure shouts!
You tentacle-slap the hound. You constrict the hound.
The lemure is no longer distracted by gold.
The hound barely misses you. 😕 HP[+1]
You tentacle-slap the hound. You squeeze the hound.
You kill the hound!
The lemure is no longer distracted by gold.
You barely miss the lemure. You grab the lemure. You squeeze the lemure.
You constrict the lemure, but do no damage.
The lemure hits you. 😕 HP[-2]
You take 2 damage, and now have 40/52 hp.
You tentacle-slap the lemure.
You constrict the lemure, but do no damage.
The lemure hits you. 😮 HP[-6]
You take 6 damage, and now have 34/52 hp.
You tentacle-slap the lemure. You constrict the lemure.
The lemure barely misses you. 😮 HP[+1]
You bludgeon the lemure!
You constrict the lemure, but do no damage.
The lemure hits you but does no damage.
You tentacle-slap the lemure but do no damage.
You constrict the lemure.
The adder is distracted by your dazzling golden aura.
The lemure hits you. 😮 HP[-1]
You take 1 damage, and now have 34/52 hp.
The adder hisses angrily.
You tentacle-slap the lemure.
You kill the lemure!
That felt strangely unrewarding.
You closely miss Pikel. You grab Pikel. You squeeze Pikel, but do no damage.
You constrict Pikel, but do no damage. Pikel misses you. 😮 HP[+1]
You barely miss Pikel. You squeeze Pikel, but do no damage.
You constrict Pikel.
Press: ? - help, v - describe, . - travel, g - get item
Here: Pikel, wielding a +0 whip of electrocution and wearing a +0 robe (lightly wounded, constricted by you)
Items here: $ ) ? [.
An open door.
Unknown command.
Okay, then.
You tentacle-slap Pikel but do no damage.
You squeeze Pikel, but do no damage. You constrict Pikel, but do no damage.
The adder is no longer distracted by gold.
Pikel hits you with a +0 whip of electrocution. 😮 HP[-6]
You take 6 damage, and now have 29/52 hp.
You tentacle-slap Pikel. You constrict Pikel.
Pikel hits you with a +0 whip of electrocution.
* * * LOW HITPOINT WARNING * * *
You are electrocuted!
* * * LOW HITPOINT WARNING * * *
😨 HP[-15]
You take 15 damage, and now have 14/52 hp.
MASSIVE DAMAGE!! (PAUSE)
You release your grip on Pikel.
Pikel attacks as you move away! Pikel closely misses you. 😨 HP[+1]
There is an open door here.
Okay, then.
Okay, then.
It was a potion of lignification.
You turn into a tree.
Your roots penetrate the ground.
Pikel hits you but does no damage.
You are electrocuted!
* * * LOW HITPOINT WARNING * * *
😱 HP[-7]
You now have 78 max hp (+26).
Unknown command.
You smack Pikel!
Pikel hits you but does no damage. 😱 HP[+1] Unknown command.
You hit Pikel but do no damage.
Pikel hits you with a +0 whip of electrocution!
* * * LOW HITPOINT WARNING * * *
😱 HP[-8]
You take 8 damage, and now have 1/78 hp.
Unknown command.
You hit Pikel but do no damage. Pikel hits you but does no damage.
Unknown command.
It was a potion of flight.
Your roots keep you in place.
The lemure hits you.
You die...
Your body crumbles into a pile of gold.

Skill      XL: |  1  2  3  4  5  6  7 |
---------------+----------------------+-----
Stealth        | 3 4 6 |  6.7
Dodging        | 4 6 |  6.3
Unarmed Combat | 4 6 |  6.3
Fighting       | |  3.3

Action                   |  1- 3 |  4- 6 |  7- 9 || total
-------------------------+-------+-------+-------++-------
Melee: Unarmed           |    21 |       |    35 ||    56
       Constrict         |    16 |    19 |    28 ||    63
       Tentacles         |     9 |     7 |    43 ||    59
       Punch             |     1 |     2 |     1 ||     4
       Dagger            |    45 |    49 |    93 ||   187
Evoke: Wand              |       |    13 |     2 ||    15
  Use: Potion            |       |       |     3 ||     3
 Stab: Sleeping          |    14 |     7 |     6 ||    27
       Distracted        |       |     1 |     1 ||     2
Armor: Skin              |     5 |     8 |     8 ||    21
Dodge: Dodged            |    21 |    38 |    82 ||   141

Levels and vault maps discovered:
D:1:      dpeg_arrival_arbitrary_c, layout_loops_ring
D:2:      layout_basic, dreamdust_ecumenical_altar_hidden_monk_grotto
D:3:      lemuel_castle_with_subvaults [lemuel_castle_interior_original],
          layout_basic, mainiacjoe_overflow_surrounded_room, uniq_sigmund
D:4:      nicolae_cairo_tiling_very_big, layout_rooms, minmay_temple_entry_mist,
          uniq_pikel
Temple:   dshaligram_water_room_temple

Notes
Turn   | Place    | Note
-------+----------+-------------------------------------------
     0 | D:1      | MackTheKnife the Octopode Monk began the quest for the Orb.
     0 | D:1      | Reached XP level 1. HP: 16/16 MP: 1/1
     0 | D:1      | magus.rc [v1.9.6]
    90 | D:1      | Reached skill level 3 in Stealth
   380 | D:1      | Reached XP level 2. HP: 17/21 MP: 2/2
   404 | D:1      | Reached skill level 4 in Stealth
   910 | D:2      | Reached XP level 3. HP: 26/26 MP: 3/3
   984 | D:2      | Reached skill level 5 in Stealth
  1076 | D:2      | Found a faded altar of an unknown god.
  1358 | D:3      | Reached skill level 6 in Stealth
  1358 | D:3      | Reached XP level 4. HP: 25/31 MP: 4/4
  1413 | D:3      | You add the spells Foxfire, Summon Guardian Golem,
                  | Starburst and Ignition to your library.
  1413 | D:3      | Got the Atlas of Heresy
  1491 | D:3      | Found a glowing golden altar of the Shining One.
  1674 | D:3      | Noticed Sigmund
  1961 | D:3      | Reached XP level 5. HP: 36/36 MP: 5/5
  2115 | D:3      | Killed Sigmund
  2116 | D:3      | Reached skill level 4 in Dodging
  2116 | D:3      | Reached skill level 4 in Unarmed Combat
  2116 | D:3      | Reached XP level 6. HP: 42/42 MP: 6/6
  2273 | D:3      | Reached XP level 7. HP: 26/46 MP: 7/7
  2276 | D:3      | Reached skill level 5 in Dodging
  2276 | D:3      | Reached skill level 5 in Unarmed Combat
  3044 | D:4      | HP: 10/46 [orc/+0 dagger (2)]
  3045 | D:4      | HP: 3/46 [orc wizard/+2 dagger of protection (3)]
  3179 | D:4      | Found a staircase to the Ecumenical Temple.
  3189 | Temple   | Entered the Ecumenical Temple
  3257 | Temple   | Became a worshipper of Gozag Ym Sagoz the Greedy
  3422 | D:4      | Reached skill level 6 in Dodging
  3422 | D:4      | Reached skill level 6 in Unarmed Combat
  3422 | D:4      | Reached XP level 8. HP: 49/52 MP: 8/8
  3465 | D:4      | HP: 11/52 [phantom (5)]
  3627 | D:4      | Noticed Pikel
  3658 | D:4      | HP: 8/78 [Pikel/+0 whip of electrocution (15)]
  3660 | D:4      | HP: 1/78 [Pikel/+0 whip of electrocution (8)]
  3662 | D:4      | Slain by a lemure

Vanquished Creatures
  Sigmund (D:3)
  A water moccasin (D:4)
  A phantom (D:4)
  2 lemures (D:4)
  A bullfrog (D:3)
  A scorpion (D:4)
  A gnoll sergeant (D:3)
  2 hounds
  2 orc wizards (D:4)
  An iguana (D:4)
  13 gnolls (D:3)
  5 adders
  2 dart slugs
  23 orcs
  4 ball pythons
  4 endoplasms
  3 giant cockroaches
  4 goblins
  3 hobgoblins
  17 jackals (D:3)
  14 kobolds
  2 quokkas
  5 bats
  4 frilled lizards
  4 rats
120 creatures vanquished.

Vanquished Creatures (others)
  6 fungi (D:2)
  4 plants (D:2)
10 creatures vanquished.

Grand Total: 130 creatures vanquished

Table legend:
 A = Non-vault XP
 B = Vault XP
 C = Vault XP percentage of total XP
 D = Non-vault monster count
 E = Vault monster count
 F = Vault count percentage of total count
                 A         B        C        D         E       F
            +---------+---------+-------+---------+---------+-------
      Total |     674 |     715 |  51.5 |      67 |      51 |  43.2
            +---------+---------+-------+---------+---------+-------
        D:1 |      22 |       0 |   0.0 |      14 |       0 |   0.0
        D:2 |      50 |       0 |   0.0 |      18 |       0 |   0.0
        D:3 |      51 |     715 |  93.3 |      15 |      51 |  77.3
        D:4 |     551 |       0 |   0.0 |      20 |       0 |   0.0
            +---------+---------+-------+---------+---------+-------

Illustrated notes

Table legend:
 A = Kills in this place as a percentage of kills in entire the game.
 B = Kills by you in this place as a percentage of kills by you in the entire game.
 C = Kills by friends in this place as a percentage of kills by friends in the entire game.
 D = Other kills in this place as a percentage of other kills in the entire game.
 E = Experience gained in this place as a percentage of experience gained in the entire game.
 F = Experience gained in this place divided by the number of levels of this place that you have seen.
                   A       B       C       D       E      F
               +-------+-------+-------+-------+-------+----------------------
         Total | 100.0 | 100.0 |   N/A |   N/A | 100.0 | 277.8
       Dungeon | 100.0 | 100.0 |   N/A |   N/A | 100.0 | 347.2
               +-------+-------+-------+-------+-------+----------------------

Table legend: (Time is in decaauts)
 A = Elapsed time spent in this place.
 B = Non-inter-level travel time spent in this place.
 C = Inter-level travel time spent in this place.
 D = Time resting spent in this place.
 E = Time spent auto-exploring this place.
 F = Levels seen in this place.
 G = Mean time per level.
                   A        B        C        D        E       F      G
               +--------+--------+--------+--------+--------+-----+--------+
         Total |   3654 |   3528 |    126 |    737 |   1899 |   5 |  730.8 |
       Dungeon |   3569 |   3459 |    110 |    737 |   1845 |   4 |  892.2 |
        Temple |     84 |     68 |     16 |      0 |     54 |   1 |   84.0 |
               +--------+--------+--------+--------+--------+-----+--------+

Top non-repeatable levels by time:
     D:3: 1595 daAuts
     D:1: 719 daAuts
     D:2: 650 daAuts
     D:4: 604 daAuts
  Temple: 84 daAuts
